 Dungeon Crawl Stone Soup version 0.23-a0-151-gf6d1ed2 (webtiles) character file.

156 GlaceonGamingDJ the Cudgeler (level 5, 0/53 HPs)
             Began as a Troll Berserker on Aug 29, 2018.
             Was a Believer of Trog.
             Slain by an orc (3 damage)
             ... on level 2 of the Dungeon on Sept 8, 2018.
             The game lasted 00:10:58 (1423 turns).

GlaceonGamingDJ the Cudgeler (Troll Berserker)      Turns: 1423, Time: 00:10:59

Health: 0/53       AC:  5    Str: 26    XL:     5   Next: 14%
Magic:  4/4        EV: 10    Int:  3    God:    Trog [**....]
Gold:   75         SH:  0    Dex:  9    Spells: 4/4 levels left

rFire    . . .     SeeInvis .   a - +0 mace
rCold    . . .     Gourm    +   (no shield)
rNeg     . . .     Faith    .   b - +0 animal skin
rPois    .         Spirit   .   (helmet restricted)
rElec    .         Reflect  .   (no cloak)
rCorr    .         Harm     .   (gloves unavailable)
MR       .....                  (boots unavailable)
Stlth    +.........             (no amulet)
HPRegen  0.57/turn              (no ring)
MPRegen  0.09/turn              (no ring)

@: berserk cooldown, slowed, very slow
A: large, unfitting armour, claws 3, fast metabolism 3, gourmand, regeneration
1, shaggy fur 1, tough skin 2
a: Berserk, Trog's Hand, Renounce Religion


You were on level 2 of the Dungeon.
You worshipped Trog.
Trog was pleased with you.
You were very full.

You visited 1 branch of the dungeon, and saw 2 of its levels.

You collected 75 gold pieces.

Inventory:

Hand Weapons
 a - a +0 mace (weapon)
 i - a +1 mace
Armour
 b - a +0 animal skin (worn)
 f - a +0 cloak
 j - a +4 chain mail
 k - a +0 robe
Jewellery
 h - an uncursed ring of positive energy {unknown}
Scrolls
 e - a scroll of remove curse
Comestibles
 c - 6 rations
 g - 4 chunks of flesh


   Skills:
 + Level 3.2 Fighting
 + Level 4.1 Maces & Flails
 + Level 3.3 Dodging


You had 4 spell levels left.
You didn't know any spells.
Your spell library was empty.

Dungeon Overview and Level Annotations

Branches:
Dungeon (2/15)

Altars:


Innate Abilities, Weirdness & Mutations

You are too large for most types of armour.
You have claws for hands.
Your metabolism is lightning-fast.
You like to eat raw meat.
Your natural rate of healing is unusually fast.
You are covered in fur. (AC +1)
You have very tough skin. (AC +2)


Message History

The orc priest completely misses you. The orc barely misses you.
You hit the orc priest.
The orc priest is almost dead.
The orc closely misses you. The orc priest barely misses you.
The orc hits you with a club.
* * * LOW HITPOINT WARNING * * *
The orc hits you.
* * * LOW HITPOINT WARNING * * *
The orc priest invokes the aid of Beogh against you.
Pain shoots through your body!
* * * LOW HITPOINT WARNING * * *
You hit the orc priest.
You kill the orc priest!
Trog accepts your kill.
Your Maces & Flails skill increases to level 4!
You have reached level 5!
The orc hits you with a club.
* * * LOW HITPOINT WARNING * * *
The orc hits you.
You die...

## ## #.# # .. #.# # ##.
..# # # #.. ########.# #.#
#.###........# #.#
#.##..≈...≈..## # ..#
##.#$..........# .#
########..#⌠...oo.....##.#
..........#$....@[.......#
#######.#.##..≈...≈......#
#.#.###...(.......##
#.#..#########..###
#.##............#
...#######.#..### ...
...#..# ... #####..# ##.##
#...


You could see 2 orcs.

Vanquished Creatures
  An orc priest (D:2)
  Jessica (D:2)
  Terence (D:2)
  An adder (D:2)
  A gnoll (D:1)
  An ooze (D:2)
  An adder zombie (D:1)
  2 dart slugs
  3 orcs (D:2)
  A giant cockroach (D:1)
  6 goblins
  2 hobgoblins
  6 jackals
  4 kobolds
  3 bats
  2 frilled lizards (D:1)
  A jackal zombie (D:1)
  6 rats
43 creatures vanquished.

Notes
Turn   | Place    | Note
-------+----------+-------------------------------------------
     0 | D:1      | GlaceonGamingDJ the Troll Berserker began the quest for the
                  | Orb.
     0 | D:1      | Reached XP level 1. HP: 22/22 MP: 0/0
   195 | D:1      | Upgraded the game from 0.23-a0-137-gef0ad6d to
                  | 0.23-a0-151-gf6d1ed2
   240 | D:1      | Reached XP level 2. HP: 26/29 MP: 1/1
   250 | D:1      | Reached skill level 3 in Maces & Flails
   641 | D:1      | Reached XP level 3. HP: 23/36 MP: 2/2
  1211 | D:2      | Noticed Terence
  1212 | D:2      | Noticed Jessica
  1227 | D:2      | Killed Terence
  1227 | D:2      | Reached XP level 4. HP: 45/45 MP: 3/3
  1230 | D:2      | Killed Jessica
  1237 | D:2      | Reached ** piety under Trog
  1423 | D:2      | Reached skill level 4 in Maces & Flails
  1423 | D:2      | Reached XP level 5. HP: 4/53 MP: 4/4
  1423 | D:2      | Slain by an orc

Vault maps used:
D:1:      saegor_arrival_fortress
D:2:      cheibrodos_pilgrimage, uniq_jessica, uniq_terence

Skill      XL: |  1  2  3  4 |
---------------+-------------+-----
Maces & Flails | 3 4 |  4.1
Fighting       | 3 |  3.2
Dodging        | 3 |  3.3

Action                   |  1- 3 |  4- 6 || total
-------------------------+-------+-------++-------
Melee: Mace              |   120 |    31 ||   151
Invok: Berserk           |     2 |     1 ||     3
  Use: Potion            |     3 |       ||     3
       Scroll            |     3 |     2 ||     5
  Eat: Chunk             |    11 |     6 ||    17
       Ration            |     1 |       ||     1
Armor: Animal skin       |    67 |    11 ||    78
Dodge: Dodged            |    84 |    41 ||   125

Table legend:
 A = Non-vault XP
 B = Vault XP
 C = Vault XP percentage of total XP
 D = Non-vault monster count
 E = Vault monster count
 F = Vault count percentage of total count
                 A         B        C        D         E       F
            +---------+---------+-------+---------+---------+-------
      Total |      92 |     131 |  58.7 |      35 |       8 |  18.6
            +---------+---------+-------+---------+---------+-------
        D:1 |      42 |       6 |  12.5 |      18 |       2 |  10.0
        D:2 |      50 |     125 |  71.4 |      17 |       6 |  26.1
            +---------+---------+-------+---------+---------+-------
